 Dungeon Crawl Stone Soup version 0.18.1-48-g4cf74bf (webtiles) character file.

812 Gargoyl the Covered (level 7, -1/55 HPs)
             Began as a Demonspawn Abyssal Knight on Aug 11, 2016.
             Was a Priest of Lugonu.
             Slain by an ogre
             ... wielding a +0 giant club
              (8 damage)
             ... on level 6 of the Dungeon.
             The game lasted 00:10:25 (3899 turns).

Gargoyl the Covered (Demonspawn Abyssal Knight)     Turns: 3899, Time: 00:10:26

Health: -1/55      AC: 16    Str: 12 (15) XL:     7   Next: 61%
Magic:  9/9        EV:  3    Int: 11 (13) God:    Lugonu [***...]
Gold:   297        SH:  0    Dex: 11 (12) Spells: 0 memorised, 6 levels left

rFire  . . .     SeeInvis .     a - +1 hand axe
rCold  . . .     Gourm    .     v - +0 plate armour
rNeg   . . .     Faith    .     (no shield)
rPois  .         Spirit   .     (no helmet)
rElec  .         Dismiss  .     (no cloak)
rCorr  .         Reflect  .     k - +2 pair of gloves
SustAt .         Harm     .     x - +0 pair of boots
MR     .....                    (no amulet)
Stlth  ..........               (no ring)
                                (no ring)

@: heavily drained, not resistant to hostile enchantments, extremely unstealthy
A: talons 1, nightstalker 1, powered by death 1
a: Depart the Abyss, Bend Space, Banish, Renounce Religion


You were on level 6 of the Dungeon.
You worshipped Lugonu.
Lugonu was most pleased with you.
You were very hungry.

You visited 1 branch of the dungeon, and saw 6 of its levels.
You visited the Abyss 1 time.

You collected 297 gold pieces.

Inventory:

Hand Weapons
 a - a +1 hand axe (weapon)
Missiles
 y - 10 javelins (quivered)
Armour
 k - a +2 pair of gloves (worn)
 v - a +0 plate armour (worn)
 x - a +0 pair of boots (worn)
 D - a +0 pair of gloves
Wands
 p - a wand of flame (27/48)
Scrolls
 d - a scroll of teleportation
 j - a scroll of recharging
 n - 6 scrolls of remove curse
Potions
 e - a potion of agility
 f - 2 potions of invisibility
 h - 2 potions of berserk rage
 l - a potion of degeneration
 B - a potion of haste
Comestibles
 b - 4 meat rations
 c - 2 bread rations
 g - a slice of pizza
 i - 2 fruits
 t - a royal jelly
 C - a beef jerky


   Skills:
 + Level 4.5(3.3) Fighting
 + Level 3.4(2.2) Axes
 + Level 0.6(0.0) Throwing
 * Level 6.0(4.7) Armour
 + Level 2.1(1.0) Dodging
 + Level 0.8(0.0) Stealth
 + Level 2.7(1.5) Invocations


You had 6 spell levels left.
You didn't know any spells.

Dungeon Overview and Level Annotations

Branches:
Dungeon (6/15)             Temple (0/1) D:5

Altars:
Cheibriados
Kikubaaqudgha

Annotations:
D:4 torvon's ghost, novice HOFi


Innate Abilities, Weirdness & Mutations

You have sharp toenails.
You are slightly more attuned to the shadows.
You regenerate a little health from kills.


Message History

The worker ant completely misses you. The ogre hits you with a giant club!!
The worker ant bites you but does no damage.
Unknown command.
Unknown command.
Drink which item? (? for menu, Esc to quit)
You're too hungry to go berserk.
You hit the worker ant.
The worker ant is heavily wounded.
You hit the ogre.
The ogre is moderately wounded.
The worker ant completely misses you. The ogre hits you with a giant club!!
* * * LOW HITPOINT WARNING * * *
Unknown command.
You closely miss the worker ant.
The worker ant is heavily wounded.
Your plate armour prevents you from hitting the ogre.
The ogre is moderately wounded.
The worker ant bites you but does no damage.
The ogre hits you with a giant club!
You die...

## ## #. .#
####. .###..
#....###....).
#.a@O..#
#.>..<.#
#%....##
#..#### #..
#.. ...


You could see an ogre and a worker ant.

Vanquished Creatures
  A phantom (D:5)
  An ogre (D:5)
  A gnoll sergeant (D:5)
  5 wights (D:5)
  A giant frog zombie (D:5)
  An orc priest (D:3)
  Ijyb (D:2)
  2 orc wizards (D:5)
  A worker ant (D:5)
  6 gnolls (D:5)
  3 adders
  A shadow imp (D:3)
  An ooze (D:5)
  An adder zombie (D:5)
  A worm (D:2)
  4 dart slugs (D:1)
  3 giant geckos
  10 orcs
  4 giant cockroaches
  10 goblins
  8 hobgoblins
  6 jackals
  10 kobolds
  2 quokkas
  2 ball pythons (D:3)
  A ball python skeleton (D:5)
  A bat (D:1)
  2 giant newts
  10 rats
100 creatures vanquished.

Notes
Turn   | Place    | Note
--------------------------------------------------------------
     0 | Abyss:1  | Gargoyl the Demonspawn Abyssal Knight began the quest for the Orb.
     0 | Abyss:1  | Reached XP level 1. HP: 18/18 MP: 2/2
   116 | Abyss:2  | Noticed a large abomination
   129 | Abyss:2  | Noticed a raiju
   142 | Abyss:2  | Noticed a soul eater
   142 | D:1      | Escaped the Abyss
   162 | D:1      | Gained mutation: You are slightly more attuned to the shadows. [demonic ancestry]
   162 | D:1      | Reached XP level 2. HP: 18/24 MP: 2/4
   261 | D:1      | Reached * piety under Lugonu
   264 | D:1      | Reached skill level 2 in Armour
   309 | D:1      | Reached skill level 1 in Dodging
   528 | D:1      | Gained mutation: You regenerate a little health from kills. [demonic ancestry]
   528 | D:1      | Reached XP level 3. HP: 26/29 MP: 5/5
   666 | D:2      | Found a snail-covered altar of Cheibriados.
   708 | D:2      | Found an ancient bone altar of Kikubaaqudgha.
   744 | D:2      | Noticed Ijyb
   754 | D:2      | Killed Ijyb
   933 | D:2      | Reached XP level 4. HP: 37/37 MP: 6/6
  1026 | D:2      | Reached ** piety under Lugonu
  1708 | D:3      | Reached XP level 5. HP: 33/42 MP: 7/7
  1914 | D:3      | Reached skill level 3 in Armour
  1939 | D:3      | Reached *** piety under Lugonu
  2071 | D:4      | Noticed torvon's ghost (novice HOFi)
  2081 | D:5      | Entered Level 5 of the Dungeon
  2507 | D:5      | Gained mutation: You have sharp toenails. [demonic ancestry]
  2507 | D:5      | Reached XP level 6. HP: 16/48 MP: 8/8
  2508 | D:5      | Reached skill level 4 in Armour
  2859 | D:5      | Reached skill level 5 in Armour
  2867 | D:5      | Reached XP level 7. HP: 36/55 MP: 9/9
  3029 | D:5      | Found a staircase to the Ecumenical Temple.
  3546 | D:5      | Reached skill level 6 in Armour
  3899 | D:6      | Slain by an ogre

Skill      XL: |  1  2  3  4  5  6  7 |
---------------+----------------------+-----
Armour         | 2 3 5 6 |  6.0
Dodging        | 1 2 |  2.1
Axes           | 2 3 |  3.4
Fighting       | 4 |  4.5
Throwing       | |  0.6
Stealth        | |  0.8
Invocations    | |  2.7

Action                   |  1- 3 |  4- 6 |  7- 9 || total
-------------------------+-------+-------+-------++-------
Melee: Hand axe          |   100 |   258 |    96 ||   454
Throw: Javelin           |       |     6 |       ||     6
Invok: Depart the Abyss  |     1 |       |       ||     1
Evoke: Wand              |       |       |     6 ||     6
  Use: Scroll            |       |     3 |     6 ||     9
       Potion            |       |     3 |     9 ||    12
 Stab: Invisible         |       |     1 |       ||     1
  Eat: Chunk             |       |     8 |       ||     8
       Fruit             |       |       |     4 ||     4
Armor: Leather armour    |    11 |       |       ||    11
       Ring mail         |    20 |       |       ||    20
       Scale mail        |     6 |     1 |       ||     7
       Chain mail        |       |    37 |       ||    37
       Plate armour      |       |   143 |    77 ||   220
Dodge: Dodged            |    59 |    89 |    20 ||   168
